 Dungeon Crawl Stone Soup version 0.22-a0-439-gac93bac (webtiles) character file.

80471 Mgcat the Executioner (level 15, -12/137 HPs)
             Began as a Hill Orc Berserker on May 29, 2018.
             Was a High Priest of Trog.
             Mangled by a merfolk
             ... wielding a +0 trident
              (13 damage)
             ... on level 4 of the Shoals.
             The game lasted 00:59:33 (18630 turns).

Mgcat the Executioner (Hill Orc Berserker)         Turns: 18630, Time: 00:59:33

Health: -12/137    AC: 14    Str: 29    XL:     15   Next: 67%
Magic:  0/18       EV:  9    Int:  7    God:    Trog [*****.]
Gold:   870        SH:  0    Dex: 17    Spells: 14/14 levels left

rFire    . . .     SeeInvis .   s - +8 battleaxe of Crusades {venom, +Rage +Inv}
rCold    . . .     Gourm    .   (shield currently unavailable)
rNeg     . . .     Faith    .   P - +2 ring mail of Vehumet's Regard {rCorr Str+3 Dex+6}
rPois    .         Spirit   +   N - +0 helmet (curse)
rElec    .         Reflect  +   p - scarf {Spirit}
rCorr    +         Harm     .   (no gloves)
MR       ++++.                  R - +2 pair of boots {Fly}
Stlth    +.........             K - +4 amulet of reflection
HPRegen  1.32/turn              T - ring of protection from magic {MR+, !d}
MPRegen  0.16/turn              D - +2 ring of slaying

@: lethally poisoned (-12 -> -21), about to teleport, berserk cooldown, flying,
held, regenerating, slowed, very slow
A: no striking features
a: Berserk, Trog's Hand, Brothers in Arms, Renounce Religion, Evoke Berserk
Rage, Evoke Invisibility, Stop Flying


You were on level 4 of the Shoals.
You worshipped Trog.
Trog was extremely pleased with you.
You were very full.

You visited 3 branches of the dungeon, and saw 20 of its levels.
You also visited: Ossuary and Volcano.

You collected 870 gold pieces.

Inventory:

Hand Weapons
 d - a +5 antimagic executioner's axe
   (Trog gifted it to you on level 3 of the Shoals)
 s - the +8 battleaxe of Crusades (weapon) {venom, +Rage +Inv}
   (Trog gifted it to you on level 6 of the Lair of Beasts)

   It poisons the flesh of those it strikes.
   It lets you turn invisible.
   It lets you go berserk.
 B - the +9 long sword of Extinguishment {flame, Str+4}
   (You found it on level 1 of the Lair of Beasts)

   It has been specially enchanted to burn those struck by it, causing extra
   injury to most foes and up to half again as much damage against particularly
   susceptible opponents.
   Big, fiery blades are also staple armaments of hydra-hunters.
   It affects your strength (+4).
Missiles
 g - 43 tomahawks
 A - 7 javelins of penetration (quivered)
Armour
 p - a scarf of spirit shield (worn)
   (You found it on level 8 of the Dungeon)
 v - a +1 pair of boots
   (You found it on level 9 of the Dungeon)
 L - a +2 plate armour of fire resistance
   (You found it in a volcano)
 N - a cursed +0 helmet (worn)
   (You found it on level 6 of the Lair of Beasts)
 P - the +2 ring mail of Vehumet's Regard (worn) {rCorr Str+3 Dex+6}
   (You found it on level 2 of the Shoals)

   It affects your strength (+3).
   It affects your dexterity (+6).
   It protects you from acid and corrosion.
 R - a +2 pair of boots of flying (worn)
   (You acquired it on level 3 of the Shoals)
Jewellery
 h - an uncursed amulet of the acrobat
   (You found it on level 8 of the Dungeon)
 u - an uncursed ring of see invisible {sInv, !d}
   (You found it on level 2 of the Lair of Beasts)
 w - an uncursed ring of ice {rC+, rF-}
   (You took it off Fannar on level 2 of the Lair of Beasts)
 D - a +2 ring of slaying (right hand)
   (You found it on level 1 of the Lair of Beasts)
 F - an uncursed ring of resist corrosion
   (You found it on level 2 of the Lair of Beasts)
 K - a +4 amulet of reflection (around neck)
   (You found it on level 6 of the Lair of Beasts)
 T - a ring of protection from magic (left hand) {MR+, !d}
   (You found it on level 3 of the Shoals)
Wands
 a - a wand of acid (31)
   (You found it on level 7 of the Dungeon)
 j - a wand of paralysis (11)
   (You found it on level 2 of the Lair of Beasts)
 C - a wand of random effects (28)
   (You found it on level 1 of the Lair of Beasts)
 H - a wand of polymorph (15)
   (You found it on level 4 of the Lair of Beasts)
 I - a wand of enslavement (12)
   (You found it on level 4 of the Lair of Beasts)
 M - a wand of digging (6)
   (You found it on level 6 of the Lair of Beasts)
Scrolls
 i - 2 scrolls of immolation {!r}
 q - 5 scrolls of teleportation
 x - 2 scrolls of identify
 z - 2 scrolls of magic mapping {!r}
 J - 3 scrolls of remove curse
Potions
 b - 10 potions of curing
 e - 2 potions of agility
 f - 3 potions of resistance
 n - 3 potions of flight
 o - 2 potions of invisibility
 r - 5 potions of might
 E - a potion of ambrosia
 G - 3 potions of berserk rage {!q}
Miscellaneous
 k - a phantom mirror
 m - a phial of floods
   (You found it on level 6 of the Lair of Beasts)
 t - a lamp of fire
   (You found it on level 1 of the Shoals)
Comestibles
 c - 34 rations


   Skills:
 + Level 13.9 Fighting
 + Level 23.4 Axes
 + Level 10.7 Armour
 + Level 8.9 Dodging
 + Level 4.1 Evocations


You had 14 spell levels left.
You didn't know any spells.
Your spell library was empty.

Dungeon Overview and Level Annotations

Branches:
Dungeon (10/15)            Temple (0/1) D:7            Lair (6/6) D:9
 Shoals (4/4) Lair:2       Spider (0/4) Lair:3        Slime (0/5) Lair:6
    Orc: D:9-12

Altars:
Ashenzari
Dithmenos
Gozag
Kikubaaqudgha
Makhleb
Qazlal
Uskayaw
Vehumet
Wu Jian
Zin
The Shining One
Jiyva

Shops:
D:7 (

Annotations:
D:7 1 transporter


Message History

You kill the sea snake!
Trog accepts your kill. You block the merfolk's attack.
The merfolk impaler hits you from afar with a trident!
The merfolk aquamancer gestures at you while chanting.
The shard of ice hits you! The merfolk siren misses you.
The snapping turtle completely misses you.
The merfolk barely misses you.
The sea snake hisses angrily.
You block the merfolk impaler's attack.
The merfolk impaler completely misses you.
You fly upwards.
You feel a strong urge to attack something.
There is a stone staircase leading down here.
You see here a jasper-encrusted leather armour.
You start resting.
You feel your anger nearly subside.
You are no longer berserk.
You are exhausted.
You feel yourself slow down.
You start resting.
You feel the effects of Trog's Hand fading.
You start resting.
You are feeling very hungry.
You start resting.
Your skin stops crawling.
You feel less resistant to hostile enchantments.
You start resting.
You feel yourself speed up.
You start resting.
You recover from your berserk rage.
You start resting.
Magic restored.
HP restored.
You start resting.
HP restored.
You eat one of the 37 rations.
That ration really hit the spot!
You eat one of the 36 rations.
That ration really hit the spot!
You eat one of the 35 rations.
That ration really hit the spot!
Your skin crawls.
You feel resistant to hostile enchantments.
You feel somewhat less full.
A red film seems to cover your vision as you go berserk!
You feel yourself moving faster!
You feel mighty!
You feel a strong urge to attack something.
You fly downwards.
An alligator snapping turtle comes into view.
The snapping turtle hisses angrily.
The alligator snapping turtle hisses angrily.
The merfolk shouts!
The merfolk throws a throwing net.
The throwing net hits you.
You become entangled in the net!
The snapping turtle bites you!
The merfolk hits you but does no damage.
The merfolk impaler hits you with a trident.
The sea snake bites you but does no damage.
There is a stone staircase leading up, spattered with blood here.
You see here a throwing net {=f, !d}.
You are held in a net!
You struggle against the net.
You feel your anger nearly subside.
You are no longer berserk.
You are exhausted.
You feel yourself slow down.
The merfolk siren chants a haunting song.
You resist.
The merfolk impaler hits you from afar with a trident.
The merfolk impaler hits you with a trident!
The snapping turtle bites you!!
The merfolk hits you from afar with a trident.
The merfolk hits you but does no damage.
You tear a large gash into the net.
The sea snake bites you.
You are poisoned.
The sea snake poisons you! The merfolk impaler barely misses you.
The merfolk impaler hits you from afar with a trident!
The merfolk hits you from afar with a trident!
The merfolk siren chants a haunting song.
You resist. The snapping turtle bites you!!
The merfolk hits you from afar with a trident!
The merfolk impaler hits you from afar with a trident!
* * * LOW HITPOINT WARNING * * *
The merfolk impaler hits you with a trident!
* * * LOW HITPOINT WARNING * * *
The sea snake bites you but does no damage.
The merfolk barely misses you.
The merfolk javelineer barely misses you.
A sea snake comes into view.
The merfolk impaler hits you but does no damage.
The merfolk aquamancer hits you with a rapier of venom.
* * * LOW HITPOINT WARNING * * *
The merfolk siren hits you but does no damage.
The merfolk impaler hits you with a trident!
* * * LOW HITPOINT WARNING * * *
As you read the scroll of teleportation, it crumbles to dust.
You feel strangely unstable.
You feel very sick.
The merfolk hits you from afar with a trident.
* * * LOW HITPOINT WARNING * * *
The sea snake closely misses you.
A merfolk comes into view. It is wielding a trident.
The merfolk hits you from afar with a trident!
* * * LOW HITPOINT WARNING * * *
The merfolk hits you from afar with a trident!
You die...

≈≈P≈≈≈...# ..≈...
≈P≈P≈≈≈≈≈≈≈ .#.#.#
≈P≈≈≈≈≈S≈≈# ≈...≈
≈≈≈≈≈≈≈≈≈≈# #.#.#
$≈≈≈≈≈≈≈≈≈##...≈
≈≈≈≈≈≈≈≈≈≈..#.#
≈≈≈≈≈≈≈mm≈...##
≈≈≈≈≈≈m(tm((..####..
.≈≈≈≈≈[@Sm)[t...m.m..
..≈≈≈m†[mm.[.t..O....
...≈≈≈≈m≈.......T....
....m...(............
....................%
.....................
.....................
...m................
.................


You could see an alligator snapping turtle, 2 merfolk impalers, a merfolk
javelineer, 2 sea snakes, a merfolk aquamancer, 2 snapping turtles, 6 merfolk
and a merfolk siren.

Vanquished Creatures
  A kraken (Shoals:3)
  Fannar (Lair:2)
  A merfolk impaler (Shoals:2)
  A fire dragon (Lair:6)
  7 hydras
  3 merfolk aquamancers
  2 merfolk avatars
  A satyr (Shoals:3)
  A catoblepas (Lair:5)
  4 death yaks (Lair:4)
  3 two-headed ogres
  A fire crab (Lair:6)
  5 sea snakes
  A swamp dragon (Lair:6)
  3 harpies (Shoals:3)
  3 fauns
  8 manticores
  4 merfolk sirens
  Joseph (D:7)
  Maurice (D:10)
  16 elephants
  2 water nymphs (Shoals:3)
  2 black mambas
  2 gargoyles (Volcano)
  13 spiny frogs
  2 komodo dragons (Lair:1)
  An efreet (Volcano)
  12 rime drakes
  A hornet (D:7)
  11 polar bears
  9 merfolk
  17 blink frogs
  3 raiju (Lair:6)
  Prince Ribbit (D:6)
  12 hippogriffs
  4 snapping turtles
  7 dream sheep
  6 water elementals
  A wraith (D:10)
  A spriggan (D:8)
  3 redbacks (Lair:3)
  36 yaks
  A wyvern (D:8)
  A fire elemental (Volcano)
  4 basilisks
  Eustachio (D:6)
  14 steam dragons
  4 wargs (Lair:6)
  Menkaure (D:7)
  An acid dragon (Lair:2)
  Edmund (D:6)
  14 hell hounds (Lair:6)
  10 water moccasins
  4 porcupines
  Duvessa (D:7)
  2 swamp drakes (Lair:6)
  12 black bears
  3 orc warriors
  An ice beast (D:10)
  4 sky beasts
  A phantom (D:9)
  A necrophage (D:8)
  13 wolves (Lair:6)
  4 ogres
  3 centaurs
  20 crocodiles
  9 bullfrogs
  A gnoll sergeant (D:10)
  3 water moccasin zombies (Ossuary)
  3 scorpions
  Dowan (D:7)
  A wyvern skeleton (D:10)
  7 killer bees (Lair:2)
  4 electric eels
  3 vampire bats (Lair:3)
  4 wights (D:7)
  5 howler monkeys
  2 centaur zombies
  5 crimson imps
  A quasit (D:9)
  3 jellies
  6 hounds
  A centaur skeleton (D:7)
  7 orc priests
  3 worker ants
  9 iguanas
  9 orc wizards
  A hound skeleton (D:8)
  2 mummies (Ossuary)
  2 worker ant zombies (D:8)
  5 adders
  7 gnolls
  A shadow imp (D:7)
  An ooze (D:2)
  An adder skeleton (D:4)
  6 adder zombies (Ossuary)
  2 worms
  5 leopard geckos
  15 orcs
  2 giant cockroaches
  3 goblins (D:1)
  3 hobgoblins
  12 jackals
  4 quokkas
  A ball python (D:3)
  5 bats
  A frilled lizard (D:4)
  3 gnoll zombies (Ossuary)
  8 hobgoblin zombies (Ossuary)
  A kobold (D:3)
  4 kobold zombies (Ossuary)
  5 orc zombies (Ossuary)
  A quokka skeleton (D:8)
  2 quokka zombies
  A rat (D:3)
  A bush (Lair:2)
  3 fungi
  10 plants
  3 tentacles (Shoals:3)
543 creatures vanquished.

Vanquished Creatures (collateral kills)
  Ilsuiw (Shoals:4)
  A merfolk javelineer (Shoals:3)
  A death yak (Lair:4)
  A merfolk siren (Shoals:4)
  A water nymph (Shoals:3)
  A polar bear (Lair:4)
  4 merfolk (Shoals:3)
  A blink frog (Lair:4)
  2 dream sheep (Lair:4)
  A snapping turtle (Shoals:3)
14 creatures vanquished.

Vanquished Creatures (others)
  A merfolk (Shoals:4)
  A basilisk (Lair:6)
  8 fungi
  32 plants (Lair:6)
  5 tentacles (Shoals:3)
47 creatures vanquished.

Grand Total: 604 creatures vanquished

Notes
Turn   | Place    | Note
-------+----------+-------------------------------------------
     0 | D:1      | Mgcat the Hill Orc Berserker began the quest for the Orb.
     0 | D:1      | Reached XP level 1. HP: 19/19 MP: 1/1
    52 | D:1      | Reached XP level 2. HP: 20/26 MP: 2/2
   177 | D:2      | Noticed a centaur
   186 | D:2      | Killed a centaur
   186 | D:2      | Reached skill level 6 in Axes
   186 | D:2      | Reached XP level 3. HP: 26/31 MP: 3/3
   186 | D:2      | Reached XP level 4. HP: 33/39 MP: 4/4
   336 | D:2      | Reached skill level 7 in Axes
   344 | D:2      | Found a shattered altar of Ashenzari.
   494 | D:3      | Reached XP level 5. HP: 45/45 MP: 5/5
   847 | D:4      | Found a radiant altar of Vehumet.
   848 | D:4      | Found an opulent altar of Gozag.
   848 | D:4      | Found a shadowy altar of Dithmenos.
   849 | D:4      | Found an ancient bone altar of Kikubaaqudgha.
   850 | D:4      | Found a glowing golden altar of the Shining One.
   857 | D:4      | Reached ** piety under Trog
   875 | D:4      | Found a glowing silver altar of Zin.
   875 | D:4      | Found a hide-covered altar of Uskayaw.
   876 | D:4      | Found an ornate altar of the Wu Jian Council.
   898 | D:3      | Reached skill level 8 in Axes
  1048 | D:5      | Entered Level 5 of the Dungeon
  1160 | D:5      | Reached XP level 6. HP: 51/51 MP: 6/6
  1167 | D:5      | Reached skill level 9 in Axes
  1439 | D:5      | Reached *** piety under Trog
  1445 | D:5      | Reached skill level 10 in Axes
  1445 | D:5      | Reached XP level 7. HP: 57/57 MP: 7/7
  1739 | D:6      | Noticed Eustachio
  1793 | D:6      | Killed Eustachio
  1793 | D:6      | Reached skill level 11 in Axes
  1917 | D:6      | Found a sand-covered staircase.
  1932 | D:6      | Noticed Prince Ribbit
  1943 | Ossuary  | Entered an ossuary
  2392 | Ossuary  | Reached XP level 8. HP: 49/64 MP: 8/8
  2547 | D:6      | Killed Prince Ribbit
  2547 | D:6      | Reached skill level 12 in Axes
  2588 | D:6      | Noticed Edmund
  2604 | D:6      | Killed Edmund
  2701 | D:7      | Found a transporter.
  2706 | D:7      | Noticed a kobold demonologist
  2709 | D:7      | Found a staircase to the Ecumenical Temple.
  2726 | D:7      | Reached skill level 13 in Axes
  2727 | D:7      | Noticed Menkaure
  2741 | D:7      | Killed Menkaure
  2803 | D:7      | Found Riss's Weapon Emporium.
  2823 | D:7      | Reached skill level 14 in Axes
  2858 | D:7      | Reached skill level 4 in Fighting
  2858 | D:7      | Reached XP level 9. HP: 44/71 MP: 9/9
  2917 | D:7      | Noticed a hornet
  2924 | D:7      | Killed a hornet
  2924 | D:7      | Reached skill level 5 in Fighting
  2933 | D:7      | Reached skill level 3 in Armour
  3223 | D:7      | Noticed Joseph
  3227 | D:7      | Reached **** piety under Trog
  3241 | D:7      | Killed Joseph
  3241 | D:7      | Reached skill level 5 in Armour
  3284 | D:7      | Noticed Dowan
  3287 | D:7      | Noticed Duvessa
  3293 | D:7      | Killed Dowan
  3307 | D:7      | Killed Duvessa
  3307 | D:7      | Reached skill level 2 in Dodging
  3383 | D:7      | Got a pitted trident
  3387 | D:7      | Identified the +8 trident of Skirmishing {flame, +Inv rElec Str-3 Stlth+} (You found it on level 7 of the Dungeon)
  3423 | D:8      | Noticed a two-headed ogre
  3434 | D:8      | Killed a two-headed ogre
  3434 | D:8      | Reached skill level 5 in Dodging
  3500 | D:8      | Reached XP level 10. HP: 50/82 MP: 10/10
  3522 | D:8      | Noticed a two-headed ogre
  3648 | D:8      | Killed a two-headed ogre
  3648 | D:8      | Reached skill level 15 in Axes
  4436 | D:8      | Reached skill level 16 in Axes
  5156 | D:9      | Found a staircase to the Lair.
  5343 | D:9      | Reached ***** piety under Trog
  5947 | D:10     | Entered Level 10 of the Dungeon
  5947 | D:10     | Noticed a two-headed ogre
  5959 | D:10     | Killed a two-headed ogre
  5959 | D:10     | Reached skill level 17 in Axes
  5959 | D:10     | Reached XP level 11. HP: 88/88 MP: 9/11
  6144 | D:10     | Found an opulent altar of Gozag.
  6401 | D:10     | Noticed Maurice
  6417 | D:10     | Killed Maurice
  6417 | D:10     | Reached skill level 18 in Axes
  7180 | Lair:1   | Entered Level 1 of the Lair of Beasts
  7227 | Lair:1   | Received a gift from Trog
  7387 | Lair:1   | Got a translucent long sword
  7388 | Lair:1   | Identified the +9 long sword of Extinguishment {flame, Str+4} (You found it on level 1 of the Lair of Beasts)
  7402 | Lair:1   | Noticed a four-headed hydra
  7409 | Lair:1   | Killed a one-headed hydra
  7500 | Lair:1   | Reached skill level 19 in Axes
  7577 | Lair:1   | Noticed a five-headed hydra
  7587 | Lair:1   | Killed a one-headed hydra
  7678 | Lair:1   | Found a stormy altar of Qazlal.
  7704 | Lair:1   | Got a fabulously ornate robe
  7999 | Lair:1   | Reached skill level 20 in Axes
  8300 | Lair:2   | Found a staircase to the Shoals.
  8326 | Lair:2   | Reached skill level 6 in Fighting
  8345 | Lair:2   | Noticed Fannar
  8360 | Lair:2   | Reached XP level 12. HP: 97/97 MP: 10/12
  8369 | Lair:2   | Reached skill level 7 in Fighting
  8374 | Lair:2   | Killed Fannar
  8374 | Lair:2   | Reached skill level 8 in Fighting
  8540 | Lair:2   | Reached skill level 9 in Fighting
  8824 | Lair:2   | Noticed an eight-headed hydra
  8830 | Lair:2   | Killed a six-headed hydra
  8830 | Lair:2   | Reached skill level 10 in Fighting
  8953 | Lair:2   | Got a pitted halberd
  8963 | Lair:2   | Identified the +1 halberd "Gusuh" {antimagic, -Tele rElec Dex+4} (You found it on level 2 of the Lair of Beasts)
  9117 | Lair:2   | Reached skill level 6 in Armour
  9516 | Lair:2   | Reached skill level 11 in Fighting
  9949 | Lair:3   | Reached skill level 6 in Dodging
  9952 | Lair:3   | Received a gift from Trog
  9955 | Lair:3   | Reached XP level 13. HP: 86/116 MP: 9/13
 10449 | Lair:3   | Found a hole to the Spider Nest.
 10460 | Lair:3   | Reached skill level 7 in Armour
 11994 | Lair:4   | Found a dark tunnel.
 12019 | Volcano  | Entered a volcano
 12067 | Volcano  | Reached skill level 8 in Armour
 12206 | Volcano  | Reached skill level 12 in Fighting
 12346 | Lair:4   | Reached skill level 7 in Dodging
 12546 | Lair:4   | Reached skill level 21 in Axes
 13132 | Lair:5   | Reached skill level 9 in Armour
 13144 | Lair:5   | Reached XP level 14. HP: 127/127 MP: 4/14
 13476 | Lair:5   | You fall through a shaft!
 13476 | Lair:6   | Entered Level 6 of the Lair of Beasts
 13476 | Lair:6   | Found a staircase to the Slime Pits.
 13476 | Lair:6   | Found a viscous altar of Jiyva.
 13613 | Lair:6   | Reached skill level 13 in Fighting
 13620 | Lair:6   | Reached skill level 8 in Dodging
 14184 | Lair:6   | Reached skill level 10 in Armour
 14497 | Lair:6   | Received a gift from Trog
 14501 | Lair:6   | Got a warped battleaxe {god gift}
 14520 | Lair:6   | Identified the +8 battleaxe of Crusades {venom, +Rage +Inv} (Trog gifted it to you on level 6 of the Lair of Beasts)
 14966 | Lair:6   | Reached skill level 22 in Axes
 15340 | Shoals:1 | Entered Level 1 of the Shoals
 15383 | Shoals:2 | Reached ****** piety under Trog
 15420 | Shoals:2 | Got a scorched ring mail
 15437 | Shoals:2 | Identified the +2 ring mail of Vehumet's Regard {rCorr Str+3 Dex+6} (You found it on level 2 of the Shoals)
 15547 | Shoals:2 | Reached XP level 15. HP: 136/136 MP: 15/15
 16058 | Shoals:3 | Reached skill level 23 in Axes
 16315 | Shoals:3 | Reached skill level 1 in Evocations
 16512 | Shoals:3 | Identified a scroll of acquirement
 16750 | Shoals:3 | Reached skill level 2 in Evocations
 16940 | Shoals:3 | Reached skill level 3 in Evocations
 16984 | Shoals:3 | Received a gift from Trog
 17457 | Shoals:3 | Got a jasper-encrusted leather armour
 17664 | Shoals:3 | Found a burning altar of Makhleb.
 17669 | Shoals:3 | Noticed a kraken
 17678 | Shoals:3 | Killed a kraken
 18041 | Shoals:4 | Entered Level 4 of the Shoals
 18043 | Shoals:4 | Noticed Ilsuiw
 18063 | Shoals:4 | Reached skill level 4 in Evocations
 18065 | Shoals:4 | HP: 18/137 [merfolk aquamancer/shard of ice (39)]
 18067 | Shoals:4 | Killed Ilsuiw
 18069 | Shoals:4 | HP: 8/137 [merfolk aquamancer] (13)]
 18629 | Shoals:4 | HP: 31/137 [merfolk impaler/trident (7)]
 18630 | Shoals:4 | HP: 13/137 [poisoned by a sea snake]
 18630 | Shoals:4 | HP: 1/137 [merfolk/trident (9)]
 18630 | Shoals:4 | Mangled by a merfolk

Vault maps used:
D:1:      minmay_arrival_plants_in_alcoves, roderic_roman_lattice, minmay_tall_x
D:2:      nicolae_ashenzari_panopticon, nrook_mini_vaults, minmay_cut_off
D:3:      nicolae_qazlal_style_of_elements
D:4:      grunt_temple_overflow_open, first_ration, serial_shops,
          nicolae_shop_waterfront
D:5:      serial_glass, glass_columns_a, glass_columns_a, grunt_ministairs_9
D:6:      serial_aquarium, aquarium_bridge_island_small, aquarium_bridge_square,
          aquarium_window_3, aquarium_window_1, aquarium_window_1,
          aquarium_window_fake, aquarium_view_2d, aquarium_balcony_5a,
          nicolae_ossuary_entry_false_entrances, uniq_eustachio, uniq_grinder,
          uniq_prince_ribbit1, uniq_edmund
D:7:      gammafunk_wand_slinger, minmay_temple_entry_glass, serial_shops,
          shop_statue, nemelex_spade_bored_becter, uniq_joseph, uniq_menkaure,
          uniq_duvessa
D:8:      the_bakery
D:9:      kennysheep_blocky_room, lair_entry_dummy
D:10:     basic_altar, minmay_stone_trees_medium, uniq_maurice
Lair:1:   basic_altar, lemuel_fruit_tree
Lair:2:   shoals_dummy_entry, special_room, bobbens_dragon_lair_wall,
          uniq_fannar
Lair:3:   spider_nest_entry_webs, hangedman_lair_unloving_vines,
          roderic_batcave, st_stairs_13, serial_bayou_shore_b,
          grunt_megastairs_2, serial_bayou_shore_a
Lair:4:   nicolae_volcano_entry_s_turn, beast_lair_carwin_1
Lair:5:   grunt_megastairs_5
Lair:6:   hangedman_lair_caniforms_friends, guppyfry_lair_end_dragon,
          slime_altar_1, infiniplex_staircase_pool_2, minmay_lair_oklob_chamber,
          lemuel_fruit_fields, serial_bayou_shore_b
Shoals:1: portal_ice_cave_entry_dragon
Shoals:3: wheals_shoals_ruined_temple
Shoals:4: shoals_end_simple, shoals_ilsuiw_ice, uniq_polyphemus, uniq_nikola
Ossuary:  ossuary_tomb_2
Volcano:  volcano_overflow

Skill      XL: |  1  2  3  4  5  6  7  8  9 10 11 12 13 14 15 |
---------------+----------------------------------------------+-----
Axes           | 6 7 8 10 11 14 17 20 21 22 23 | 23.4
Fighting       | 4 5 6 11 12 13 | 13.9
Armour         | 5 6 9 10 | 10.7
Dodging        | 5 6 7 8 |  8.9
Evocations     | 4 |  4.1

Action                   |  1- 3 |  4- 6 |  7- 9 | 10-12 | 13-15 || total
-------------------------+-------+-------+-------+-------+-------++-------
Melee: Hand axe          |    27 |   173 |   282 |   734 |     6 ||  1222
       War axe           |       |       |    34 |       |       ||    34
       Long sword        |       |       |       |    12 |    21 ||    33
       Battleaxe         |       |       |       |       |   804 ||   804
Throw: Tomahawk          |       |     5 |     4 |     6 |       ||    15
       Javelin           |       |       |       |     4 |       ||     4
Invok: Berserk           |     2 |     9 |    10 |    26 |    18 ||    65
       Trog's Hand       |       |       |     5 |     9 |    12 ||    26
       Brothers in Arms  |       |       |       |       |     4 ||     4
Evoke: Wand              |       |       |       |     3 |     3 ||     6
  Use: Potion            |       |       |     3 |     2 |     9 ||    14
       Scroll            |       |       |     8 |     6 |    18 ||    32
 Stab: Distracted        |       |       |       |     1 |       ||     1
  Eat: Chunk             |       |    11 |     9 |    36 |    37 ||    93
       Ration            |       |       |     3 |     4 |     6 ||    13
Armor: Chain mail        |       |    52 |   101 |   232 |    62 ||   447
       Animal skin       |       |     3 |       |       |       ||     3
       Skin              |       |       |    56 |       |       ||    56
       Plate armour      |       |       |       |       |   235 ||   235
       Ring mail         |       |       |       |       |    62 ||    62
Dodge: Dodged            |    20 |    74 |    90 |   294 |   440 ||   918
Block: Other             |       |       |       |       |    85 ||    85
       Reflection        |       |       |       |       |     5 ||     5
       Rpst.: Long sword |       |       |       |     2 |     6 ||     8

Table legend:
 A = Spawn XP
 B = Non-spawn XP
 C = Spawn XP percentage of total XP
 D = Spawn monster count
 E = Non-spawn monster count
 F = Spawn count percentage of total count
 G = Total turns spent on level
                    A         B        C        D         E        F      G
               +---------+---------+-------+---------+---------+-------+---------
         Total |       0 |  114959 |   0.0 |       0 |     542 |   0.0 | 18630
               +---------+---------+-------+---------+---------+-------+---------
           D:1 |       0 |      13 |   0.0 |       0 |       6 |   0.0 |   172
           D:2 |       0 |     132 |   0.0 |       0 |       3 |   0.0 |   249
           D:3 |       0 |      88 |   0.0 |       0 |      14 |   0.0 |   403
           D:4 |       0 |      22 |   0.0 |       0 |      10 |   0.0 |   226
           D:5 |       0 |     412 |   0.0 |       0 |      22 |   0.0 |   618
           D:6 |       0 |     687 |   0.0 |       0 |       4 |   0.0 |   416
           D:7 |       0 |    1886 |   0.0 |       0 |      16 |   0.0 |   961
           D:8 |       0 |    3497 |   0.0 |       0 |      32 |   0.0 |  1018
           D:9 |       0 |    1358 |   0.0 |       0 |      30 |   0.0 |  1301
          D:10 |       0 |    2974 |   0.0 |       0 |      29 |   0.0 |  1220
        Lair:1 |       0 |    6114 |   0.0 |       0 |      21 |   0.0 |  1092
        Lair:2 |       0 |   13793 |   0.0 |       0 |      58 |   0.0 |  1724
        Lair:3 |       0 |    3698 |   0.0 |       0 |      23 |   0.0 |  1641
        Lair:4 |       0 |   12333 |   0.0 |       0 |      40 |   0.0 |  1084
        Lair:5 |       0 |    7653 |   0.0 |       0 |      17 |   0.0 |   645
        Lair:6 |       0 |   27563 |   0.0 |       0 |     118 |   0.0 |  1736
      Shoals:1 |       0 |     239 |   0.0 |       0 |       1 |   0.0 |    38
      Shoals:2 |       0 |    4808 |   0.0 |       0 |       9 |   0.0 |   543
      Shoals:3 |       0 |   21296 |   0.0 |       0 |      44 |   0.0 |  2659
      Shoals:4 |       0 |    4682 |   0.0 |       0 |      10 |   0.0 |    50
       Ossuary |       0 |     314 |   0.0 |       0 |      31 |   0.0 |   596
       Volcano |       0 |    1397 |   0.0 |       0 |       4 |   0.0 |   238
               +---------+---------+-------+---------+---------+-------+---------

Vault maps used:
D:1:      minmay_arrival_plants_in_alcoves, roderic_roman_lattice, minmay_tall_x
D:2:      nicolae_ashenzari_panopticon, nrook_mini_vaults, minmay_cut_off
D:3:      nicolae_qazlal_style_of_elements
D:4:      grunt_temple_overflow_open, first_ration, serial_shops,
          nicolae_shop_waterfront
D:5:      serial_glass, glass_columns_a, glass_columns_a, grunt_ministairs_9
D:6:      serial_aquarium, aquarium_bridge_island_small, aquarium_bridge_square,
          aquarium_window_3, aquarium_window_1, aquarium_window_1,
          aquarium_window_fake, aquarium_view_2d, aquarium_balcony_5a,
          nicolae_ossuary_entry_false_entrances, uniq_eustachio, uniq_grinder,
          uniq_prince_ribbit1, uniq_edmund
D:7:      gammafunk_wand_slinger, minmay_temple_entry_glass, serial_shops,
          shop_statue, nemelex_spade_bored_becter, uniq_joseph, uniq_menkaure,
          uniq_duvessa
D:8:      the_bakery
D:9:      kennysheep_blocky_room, lair_entry_dummy
D:10:     basic_altar, minmay_stone_trees_medium, uniq_maurice
Lair:1:   basic_altar, lemuel_fruit_tree
Lair:2:   shoals_dummy_entry, special_room, bobbens_dragon_lair_wall,
          uniq_fannar
Lair:3:   spider_nest_entry_webs, hangedman_lair_unloving_vines,
          roderic_batcave, st_stairs_13, serial_bayou_shore_b,
          grunt_megastairs_2, serial_bayou_shore_a
Lair:4:   nicolae_volcano_entry_s_turn, beast_lair_carwin_1
Lair:5:   grunt_megastairs_5
Lair:6:   hangedman_lair_caniforms_friends, guppyfry_lair_end_dragon,
          slime_altar_1, infiniplex_staircase_pool_2, minmay_lair_oklob_chamber,
          lemuel_fruit_fields, serial_bayou_shore_b
Shoals:1: portal_ice_cave_entry_dragon
Shoals:3: wheals_shoals_ruined_temple
Shoals:4: shoals_end_simple, shoals_ilsuiw_ice, uniq_polyphemus, uniq_nikola
Ossuary:  ossuary_tomb_2
Volcano:  volcano_overflow

Table legend:
 A = Turns spent in this place as a percentage of turns spent in the entire game.
 B = Non-inter-level travel turns spent in this place as a percentage of non-inter-level travel turns spent in the entire game.
 C = Inter-level travel turns spent in this place as a percentage of turns spent in this place.
 D = Turns resting spent in this place as a percentage of non-inter-level travel turns spent in this place.
 E = Turns spent auto-exploring this place as a percentage of non-inter-level travel turns spent in this place.
 F = Non-inter-level travel turns spent in this place divided by the number of levels of this place that you've seen.
                   A       B       C       D       E      F
               +-------+-------+-------+-------+-------+----------------------
         Total | 100.0 | 100.0 |   2.5 |  31.9 |  41.7 | 825.8
       Dungeon |  35.3 |  35.3 |   2.5 |  28.4 |  44.1 | 641.8
          Lair |  42.5 |  42.1 |   3.4 |  22.7 |  50.8 | 1276.0
        Shoals |  17.7 |  17.9 |   0.9 |  58.2 |  21.8 | 815.0
       Ossuary |   3.2 |   3.3 |   0.0 |  57.7 |   3.4 | 596.0
       Volcano |   1.3 |   1.3 |   0.0 |   0.0 |  52.1 | 238.0
               +-------+-------+-------+-------+-------+----------------------

Table legend:
 A = Kills in this place as a percentage of kills in entire the game.
 B = Kills by you in this place as a percentage of kills by you in the entire game.
 C = Kills by friends in this place as a percentage of kills by friends in the entire game.
 D = Other kills in this place as a percentage of other kills in the entire game.
 E = Experience gained in this place as a percentage of experience gained in the entire game.
 F = Experience gained in this place divided by the number of levels of this place that you have seen.
                   A       B       C       D       E      F
               +-------+-------+-------+-------+-------+----------------------
         Total | 100.0 | 100.0 | 100.0 | 100.0 | 100.0 | 5225.4
       Dungeon |  30.6 |  31.6 |   0.0 |   0.0 |   9.6 | 1106.9
          Lair |  51.1 |  51.5 |  35.7 |  50.0 |  61.9 | 11859.0
        Shoals |  11.8 |  10.3 |  64.3 |  50.0 |  27.0 | 7756.2
       Ossuary |   5.7 |   5.9 |   0.0 |   0.0 |   0.3 | 314.0
       Volcano |   0.7 |   0.8 |   0.0 |   0.0 |   1.2 | 1397.0
               +-------+-------+-------+-------+-------+----------------------
